 Dungeon Crawl Stone Soup version 0.31-a0-4-gefa6de2278 (webtiles) character file.

Game seed: 10820421997207994221

1404 retardedninja the Firebug (level 8, -5/59 HPs)
             Began as a Gnoll Fire Elementalist on May 4, 2023.
             Slain by an orc warrior
             ... wielding a +0 dire flail
              (9 damage)
             ... on level 5 of the Dungeon.
             The game lasted 00:09:30 (8523 turns).

retardedninja the Firebug (Gnoll Fire Elementalist) Turns: 8523, Time: 00:09:31

Health: -5/59      AC:  4    Str:  9      XL:     8   Next: 69%
Magic:  17/17      EV: 18    Int: 22      God:
Gold:   302        SH:  0    Dex: 11 (12) Spells: 12/19 levels left

rFire   . . .        x - +2 flail (heavy)
rCold   . . .        (no shield)
rNeg    . . .        a - +0 robe
rPois   .            v - +0 helmet
rElec   .            (no cloak)
rCorr   .            i - +0 pair of gloves
SInv    .            (no boots)
Will    .....        (no amulet)
Stlth   +++          h - +5 ring of evasion
HPRegen 0.29/turn    c - +6 ring of intelligence
MPRegen 0.15/turn

%: no passive effects
@: no status effects
A: fangs 1, strong nose, distributed training
a: no special abilities


You were on level 5 of the Dungeon.
You visited 2 branches of the dungeon, and saw 7 of its levels.

You collected 302 gold pieces.

Inventory:

Hand Weapons
 x - a +2 heavy flail (weapon)
Missiles
 r - 2 throwing nets
Armour
 a - a +0 robe (worn)
 i - a +0 pair of gloves (worn)
 v - a +0 helmet (worn)
Jewellery
 c - a +6 ring of intelligence (right hand)
 h - a +5 ring of evasion (left hand)
 o - a ring of ice
Wands
 C - a wand of polymorph (1)
Scrolls
 d - 4 scrolls of identify {unknown}
 j - 3 scrolls of poison {unknown}
 k - 2 scrolls of amnesia {unknown}
 l - a scroll of enchant weapon {unknown}
 p - a scroll of blinking {unknown}
 w - 3 scrolls of teleportation {unknown}
 y - a scroll of fear {unknown}
 z - 2 scrolls of enchant armour {unknown}
 A - a scroll of immolation {unknown}
 B - a scroll of summoning
Potions
 e - 3 potions of haste {unknown}
 f - a potion of resistance {unknown}
 g - a potion of curing {unknown}
 m - 3 potions of attraction {unknown}
 n - 2 potions of brilliance {unknown}
 q - a potion of heal wounds {unknown}
 s - 2 potions of cancellation {unknown}
 t - a potion of might {unknown}
 u - a potion of invisibility {unknown}


   Skills:
 + Level 3.6 Fighting
 + Level 3.6 Short Blades
 + Level 3.6 Long Blades
 + Level 3.6 Axes
 + Level 3.6 Maces & Flails
 + Level 3.6 Polearms
 + Level 3.6 Staves
 + Level 3.6 Ranged Weapons
 + Level 3.6 Throwing
 + Level 3.6 Armour
 + Level 5.9 Dodging
 + Level 5.6 Stealth
 + Level 3.6 Shields
 + Level 3.6 Unarmed Combat
 + Level 6.2 Spellcasting
 + Level 3.7 Conjurations
 + Level 3.0 Hexes
 + Level 3.0 Summonings
 + Level 3.0 Necromancy
 + Level 3.0 Translocations
 + Level 3.0 Transmutations
 + Level 6.3 Fire Magic
 + Level 3.0 Ice Magic
 + Level 3.0 Air Magic
 + Level 3.0 Earth Magic
 + Level 3.0 Poison Magic
 + Level 4.0 Invocations
 + Level 3.6 Evocations


You had 12 spell levels left.
You knew the following spells:

 Your Spells              Type           Power      Damage    Failure   Level
a - Foxfire               Conj/Fire      100%       2x1d9     1%          1
b - Scorch                Fire           68%        2d8       1%          2
c - Flame Wave            Conj/Fire      28%        2d9       11%         4

Your spell library contained the following spells:

 Spells                   Type           Power      Damage    Failure   Level
 Necrotise                Necr           80%        1d8       2%          1
 Slow                     Hex            80%        N/A       2%          1
 Summon Small Mammal      Summ           80%        N/A       2%          1
 Inner Flame              Hex/Fire       27%        N/A       4%          3
 Volatile Blastmotes      Fire/Tloc      54%        2d14      4%          3
 Call Canine Familiar     Summ           20%        N/A       8%          3
 Confusing Touch          Hex            20%        N/A       8%          3
 Portal Projectile        Hex/Tloc       40%        N/A       8%          3
 Summon Guardian Golem    Hex/Summ       20%        N/A       8%          3
 Tukima's Dance           Hex            20%        N/A       8%          3
 Vampiric Draining        Necr           20%        2d7       8%          3
 Sticky Flame             Conj/Fire      28%        2d5       11%         4
 Iskenderun's Battlesphe  Conj           23%        2d8       47%         5
 Agony                    Necr           20%        N/A       58%         5
 Blade Hands              Tmut           10%        N/A       58%         5
 Iron Shot                Conj/Erth      10%        9d3       98%         6
 Spellforged Servitor     Conj/Summ      10%        N/A       100%        7


Dungeon Overview and Level Annotations

Branches:
Dungeon (6/15)             Temple (1/1) D:4

Altars:
Ashenzari
Dithmenos
Elyvilon
Gozag
Hepliaklqana
Kikubaaqudgha
Makhleb
Nemelex Xobeh
Trog
Vehumet
Wu Jian
Zin
The Shining One

Shops:
D:1 :   D:4 *

Annotations:
D:4 3 runed translucent doors, BlasphemerAmon's ghost, novice HOFi


Innate Abilities, Weirdness & Mutations

You have very sharp teeth.
Your uncanny sense of smell can sniff out nearby items.
Your experience applies equally to all skills.


Message History

Unknown command.
Unknown command.
A gnoll comes into view. It is wielding a +1 spear of venom.
The orc warrior hits you with a +0 dire flail!
The gnoll closely misses you.
Casting: Flame Wave (dangerous; 11% risk of failure)
Confirm with . or Enter, or press ? or * to list all spells.
You don't have enough magic to cast this spell.
Unknown command.
The orc warrior completely misses you. The gnoll barely misses you.
Unknown command.
The orc warrior barely misses you. The gnoll closely misses you.
The orc warrior attacks as you move away!
The orc warrior completely misses you.
There is a stone staircase leading up here.
The gnoll completely misses you.
The orc warrior hits you with a +0 dire flail!
You climb upwards.
There is a stone staircase leading down here.
The orc warrior hits you with a +0 dire flail!!
Casting: Flame Wave (dangerous; 11% risk of failure)
Confirm with . or Enter, or press ? or * to list all spells.
Flames lash the orc warrior.
The orc warrior is severely wounded.
The orc warrior's fire resistance burns away.
The orc warrior barely misses you.
You closely miss the orc warrior.
The orc warrior is severely wounded.
Your attacks no longer feel as feeble.
The orc warrior hits you with a +0 dire flail!
* * * LOW HITPOINT WARNING * * *
The orc warrior barely misses you.
You sock the orc warrior!
The orc warrior is almost dead.
The orc warrior hits you with a +0 dire flail.
* * * LOW HITPOINT WARNING * * *
The orc warrior closely misses you. Magic courses through your body.
The orc warrior hits you with a +0 dire flail!
You die...

.# #...# #...#.##### .### #...#
#...#.)..#. ...######### #...#
##..[#.[>...
...........####...####...........
......§..........................
≈≈≈≈≈≈≈§§§#####..................
≈.......≈§# #........##.#......
§.≈§≈≈≈.§.# #.....#..##.#....#.
§.≈...≈.≈.# #.@o#..............
≈.≈._.§.≈.######>###.............
§.≈...≈.≈....###)...)............
≈.≈≈≈≈§.≈.##.##...##.............
........≈.##......##..........)..
§§≈≈≈≈≈≈≈.##.##.####..._.........
.............#..# #.............
...#######..#..## ##.<..........
)..#####......## ##...........


You could see an orc warrior (combustible).

Vanquished Creatures
  Prince Ribbit (D:5)
  Eustachio (D:5)
  An orc warrior (D:5)
  An ogre (D:6)
  2 black bears (D:5)
  A bullfrog (D:6)
  A gnoll sergeant (D:4)
  A howler monkey (D:6)
  A jelly (D:5)
  A gnoll bouda (D:6)
  A hound (D:5)
  3 orc priests
  3 iguanas (D:5)
  2 orc wizards (D:4)
  8 gnolls
  5 adders
  3 worms
  A dart slug (D:4)
  15 orcs
  5 endoplasms
  10 giant cockroaches
  6 goblins
  6 hobgoblins
  3 jackals (D:3)
  4 quokkas
  7 ball pythons
  10 bats
  3 frilled lizards
  5 kobolds
  3 rats
114 creatures vanquished.

Vanquished Creatures (others)
  490 foxfires
490 creatures vanquished.

Grand Total: 604 creatures vanquished

Notes
Turn   | Place    | Note
-------+----------+-------------------------------------------
     0 | D:1      | retardedninja the Gnoll Fire Elementalist began the quest
                  | for the Orb.
     0 | D:1      | Reached XP level 1. HP: 13/13 MP: 6/6
   223 | D:1      | Reached XP level 2. HP: 19/19 MP: 5/7
   317 | D:1      | Found a faded altar of an unknown god.
   814 | D:1      | Found Liufocve's Vocational Training.
   819 | D:1      | Reached skill level 5 in Spellcasting
   819 | D:1      | Reached XP level 3. HP: 25/25 MP: 6/9
  1381 | D:2      | Reached skill level 1 in Invocations
  1709 | D:2      | Reached skill level 1 in Fighting
  1709 | D:2      | Reached skill level 1 in Short Blades
  1709 | D:2      | Reached skill level 1 in Long Blades
  1709 | D:2      | Reached skill level 1 in Axes
  1709 | D:2      | Reached skill level 1 in Maces & Flails
  1709 | D:2      | Reached skill level 1 in Polearms
  1709 | D:2      | Reached skill level 1 in Staves
  1709 | D:2      | Reached skill level 1 in Ranged Weapons
  1709 | D:2      | Reached skill level 1 in Throwing
  1709 | D:2      | Reached skill level 1 in Armour
  1709 | D:2      | Reached skill level 1 in Shields
  1709 | D:2      | Reached skill level 1 in Unarmed Combat
  1709 | D:2      | Reached skill level 1 in Evocations
  1990 | D:2      | Reached XP level 4. HP: 32/32 MP: 8/11
  2125 | D:2      | Learned a level 2 spell: Scorch
  2728 | D:3      | Found a burning altar of Makhleb.
  2976 | D:3      | Reached skill level 1 in Hexes
  2976 | D:3      | Reached skill level 1 in Summonings
  2976 | D:3      | Reached skill level 1 in Necromancy
  2976 | D:3      | Reached skill level 1 in Translocations
  2976 | D:3      | Reached skill level 1 in Transmutations
  2976 | D:3      | Reached skill level 1 in Ice Magic
  2976 | D:3      | Reached skill level 1 in Air Magic
  2976 | D:3      | Reached skill level 1 in Earth Magic
  2976 | D:3      | Reached skill level 1 in Poison Magic
  3667 | D:3      | Reached XP level 5. HP: 37/37 MP: 9/12
  4239 | D:4      | Found Zakoan's Assorted Antiques.
  4299 | D:4      | Reached XP level 6. HP: 18/44 MP: 1/13
  4406 | D:4      | Found a staircase to the Ecumenical Temple.
  4461 | D:4      | Found a runed translucent gate.
  4461 | D:4      | Found a runed translucent gate.
  4461 | D:4      | Found a runed translucent gate.
  4466 | D:4      | Noticed BlasphemerAmon's ghost (novice HOFi)
  4951 | Temple   | Entered the Ecumenical Temple
  5132 | D:4      | Reached skill level 5 in Dodging
  5358 | D:5      | Entered Level 5 of the Dungeon
  5414 | D:5      | Noticed an orc warrior
  6182 | D:4      | Learned a level 4 spell: Flame Wave
  6481 | D:5      | Found a white marble altar of Elyvilon.
  6545 | D:5      | Found a hazy altar of Hepliaklqana.
  6647 | D:5      | Noticed a black bear
  6648 | D:5      | Reached XP level 7. HP: 32/50 MP: 10/15
  6669 | D:5      | Reached skill level 5 in Stealth
  6870 | D:5      | Found a bloodstained altar of Trog.
  7298 | D:5      | Noticed Prince Ribbit
  7307 | D:5      | Killed Prince Ribbit
  7308 | D:5      | Reached XP level 8. HP: 54/58 MP: 11/16
  7371 | D:5      | Found an ancient bone altar of Kikubaaqudgha.
  7474 | D:5      | Found a glowing silver altar of Zin.
  7474 | D:5      | Noticed Eustachio
  7499 | D:5      | Killed Eustachio
  8523 | D:5      | Slain by an orc warrior

Illustrated notes

Levels and vault maps discovered:
D:1:      dpeg_arrival_shrine, layout_rooms, basic_ecumenical_altar,
          nicolae_shop_vocational
D:2:      layout_loops_corners, minmay_worlds_worst_comb
D:3:      layout_basic, lemuel_crystal_altar, minmay_misc_feat_enclosed
D:4:      layout_loops_ring, temple_fountains, serial_shops, shop,
          gammafunk_ghost_necromancy, minmay_misc_feat_cross
D:5:      layout_rooms, mainiacjoe_overflow_concentric_impassable,
          overflow_temple_1_default, zin_treasury, trog_ov_bears_minmay,
          mainiacjoe_overflow_boulevard, guppyfry_early_orc_mine,
          uniq_eustachio, uniq_prince_ribbit1
D:6:      layout_rooms, mainiacjoe_overflow_six_doors_small,
          gup_ossuary_entry_pyramid, uniq_grinder
Temple:   nicolae_temple_great_sept

Skill      XL: |  1  2  3  4  5  6  7  8 |
---------------+-------------------------+-----
Conjurations   | 2 3 |  3.7
Spellcasting   | 5 6 |  6.2
Invocations    | 1 2 3 4 |  4.0
Fighting       | 1 2 3 |  3.6
Short Blades   | 1 2 3 |  3.6
Long Blades    | 1 2 3 |  3.6
Axes           | 1 2 3 |  3.6
Maces & Flails | 1 2 3 |  3.6
Polearms       | 1 2 3 |  3.6
Staves         | 1 2 3 |  3.6
Ranged Weapons | 1 2 3 |  3.6
Throwing       | 1 2 3 |  3.6
Armour         | 1 2 3 |  3.6
Shields        | 1 2 3 |  3.6
Unarmed Combat | 1 2 3 |  3.6
Evocations     | 1 2 3 |  3.6
Hexes          | 1 2 3 |  3.0
Summonings     | 1 2 3 |  3.0
Necromancy     | 1 2 3 |  3.0
Translocations | 1 2 3 |  3.0
Transmutations | 1 2 3 |  3.0
Ice Magic      | 1 2 3 |  3.0
Air Magic      | 1 2 3 |  3.0
Earth Magic    | 1 2 3 |  3.0
Poison Magic   | 1 2 3 |  3.0
Dodging        | 5 |  5.9
Stealth        | 5 |  5.6
Fire Magic     | 6 |  6.3

Action                     |  1- 3 |  4- 6 |  7- 9 || total
---------------------------+-------+-------+-------++-------
  Melee: Unarmed           |     5 |       |     6 ||    11
         Bite              |     1 |     1 |       ||     2
         Mace              |       |     3 |       ||     3
         Flail             |       |     7 |     4 ||    11
   Cast: Foxfire           |   123 |   128 |    32 ||   283
         Scorch            |       |    32 |    18 ||    50
         Flame Wave        |       |       |     5 ||     5
    Use: Potion            |       |     1 |     1 ||     2
 Armour: Robe              |     7 |     6 |     8 ||    21
  Dodge: Dodged            |    23 |    58 |    63 ||   144

Table legend: (Time is in decaauts)
 A = Elapsed time spent in this place.
 B = Non-inter-level travel time spent in this place.
 C = Inter-level travel time spent in this place.
 D = Time resting spent in this place.
 E = Time spent auto-exploring this place.
 F = Levels seen in this place.
 G = Mean time per level.
                   A        B        C        D        E       F      G
               +--------+--------+--------+--------+--------+-----+--------+
         Total |   8537 |   8337 |    200 |   2498 |   4760 |   7 | 1219.6 |
       Dungeon |   8453 |   8253 |    200 |   2498 |   4698 |   6 | 1408.8 |
        Temple |     83 |     83 |      0 |      0 |     62 |   1 |   83.0 |
               +--------+--------+--------+--------+--------+-----+--------+

Top non-repeatable levels by time:
     D:4: 2252 daAuts
     D:5: 1909 daAuts
     D:3: 1568 daAuts
     D:2: 1492 daAuts
     D:1: 1163 daAuts
  Temple: 83 daAuts
     D:6: 67 daAuts
